 Dungeon Crawl Stone Soup version 0.31.0-11-ge490571c62 (webtiles) character file.

Game seed: 1620405437721587339

20 qw the Shooter (level 2, 0/16 HPs)
             Began as a Deep Elf Hunter on Feb 3, 2024.
             Frozen to death by an endoplasm (3 damage)
             ... on level 1 of the Dungeon.
             The game lasted 00:00:01 (279 turns).

qw the Shooter (Deep Elf Hunter)                     Turns: 279, Time: 00:00:02

Health: 0/16       AC:  3    Str:  8    XL:     2   Next: 58%
Magic:  4/4        EV: 12    Int: 13    God:
Gold:   51         SH:  0    Dex: 18    Spells: 1/1 levels left

rFire   . . .        a - +0 shortbow
rCold   . . .        (shield currently unavailable)
rNeg    . . .        c - +0 leather armour
rPois   .            (no helmet)
rElec   .            (no cloak)
rCorr   .            (no gloves)
SInv    .            (no boots)
Will    .....        (no amulet)
Stlth   ++           (no ring)
HPRegen 0.22/turn    (no ring)
MPRegen 0.09/turn

%: no passive effects
@: no status effects
A: no striking features
a: no special abilities


You were on level 1 of the Dungeon.
You visited 1 branch of the dungeon, and saw 1 of its levels.

You collected 51 gold pieces.


   Skills:
 - Level 1.5 Fighting
 + Level 6.3 Ranged Weapons
 - Level 2.4 Dodging
 - Level 1.2 Stealth


You had one spell level left.
You didn't know any spells.
Your spell library was empty.

Inventory:

Hand Weapons
 a - a +0 shortbow (weapon)
Armour
 c - a +0 leather armour (worn)
Jewellery
 i - an amulet of faith
Scrolls
 b - a scroll of butterflies
 d - a scroll of poison {unknown}
 g - a scroll of enchant weapon {unknown}
 h - a scroll of amnesia {unknown}
 k - a scroll of identify {unknown}
 m - a scroll of immolation {unknown}
Potions
 e - a potion of lignification {unknown}
 f - a potion of might {unknown}
 j - 2 potions of heal wounds {unknown}
 l - a potion of cancellation {unknown}

Dungeon Overview and Level Annotations

Branches:
Dungeon (1/15)

Altars:


Message History

You shoot an arrow. The arrow barely misses the kobold.
The kobold closely misses you.
You shoot an arrow. The arrow hits the kobold.
You kill the kobold!
The goblin hits you but does no damage.
You shoot an arrow. The arrow misses the goblin.
The goblin closely misses you.
You shoot an arrow. The arrow closely misses the kobold.
The kobold hits you with a +0 dagger.
The goblin hits you with a staff of alchemy.
You shoot an arrow. The arrow hits the kobold.
The kobold is severely wounded.
The kobold misses you. The goblin hits you but does no damage.
You shoot an arrow. The arrow hits the kobold.
You kill the kobold!
The goblin misses you.
You shoot an arrow. The arrow closely misses the goblin.
The goblin hits you but does no damage. The goblin hits you with a +0 club.
You shoot an arrow. The arrow closely misses the goblin.
The goblin hits you with a staff of alchemy.
An endoplasm comes into view.
The goblin barely misses you. x2
The goblin hits you with a staff of alchemy.
You shoot an arrow. The arrow hits the goblin!
You kill the goblin!
The goblin completely misses you.
You shoot an arrow.
The arrow hits the endoplasm but does no damage.
The endoplasm closely misses you. The goblin hits you but does no damage.
You shoot an arrow. The arrow barely misses the endoplasm.
The endoplasm misses you. The goblin closely misses you.
You shoot an arrow. The arrow barely misses the endoplasm.
The goblin hits you with a staff of alchemy.
The endoplasm freezes you.
You are frozen.
You shoot an arrow. The arrow hits the endoplasm.
The endoplasm is severely wounded.
The endoplasm freezes you.
You are frozen.
You die...

## ... ....
########.....
#....#J......
#'##.@g#
##.######
#8.8# ##.##
###.. ##.##
..... #8.8#
###.. ##.##
## ##.## .#
#8.8#


You could see an endoplasm and a goblin.

Vanquished Creatures
  3 ball pythons (D:1)
  A bat (D:1)
  3 endoplasms (D:1)
  2 goblins (D:1)
  A hobgoblin (D:1)
  2 jackals (D:1)
  3 kobolds (D:1)
  A frilled lizard (D:1)
16 creatures vanquished.

Notes
Turn   | Place    | Note
-------+----------+-------------------------------------------
     0 | D:1      | qw the Deep Elf Hunter began the quest for the Orb.
     0 | D:1      | Reached XP level 1. HP: 12/12 MP: 3/3
     0 | D:1      | 0 ||| qw: Version: 0.3-a-155-g5e7d8dd
     0 | D:1      | 0 ||| qw: Game counter: 3115
     0 | D:1      | 0 ||| qw: Melee chars always use a shield: true
     0 | D:1      | 0 ||| qw: God list: Okawaru
     0 | D:1      | 0 ||| qw: Allow faded altars: false
     0 | D:1      | 0 ||| qw: Do Orc after clearing Dungeon:15 true
     0 | D:1      | 0 ||| qw: Do second Lair branch before Depths: true
     0 | D:1      | 0 ||| qw: Lair rune preference: random
     0 | D:1      | 0 ||| qw: Goals: Normal
     0 | D:1      | 0 ||| PLANNING D:1-11
    77 | D:1      | Reached skill level 6 in Ranged Weapons
    77 | D:1      | Reached XP level 2. HP: 14/16 MP: 4/4
   278 | D:1      | HP: 3/16 [frozen (2)]
   279 | D:1      | Frozen to death by an endoplasm

Levels and vault maps discovered:
D:1:      dpeg_arrival_shrine, layout_rooms, dk_noncrumbling_2,
          minmay_pentomino_t2

Skill      XL: |  1 |
---------------+----+-----
Ranged Weapons | 6 |  6.3
Fighting       | |  1.5
Dodging        | |  2.4
Stealth        | |  1.2

Action                     || total
---------------------------++-------
   Fire: Shortbow          ||    57
 Armour: Leather armour    ||    17
  Dodge: Dodged            ||    19

Table legend:
 A = Non-vault XP
 B = Vault XP
 C = Vault XP percentage of total XP
 D = Non-vault monster count
 E = Vault monster count
 F = Vault count percentage of total count
                 A         B        C        D         E       F
            +---------+---------+-------+---------+---------+-------
      Total |      26 |       3 |  10.3 |      14 |       2 |  12.5
            +---------+---------+-------+---------+---------+-------
        D:1 |      26 |       3 |  10.3 |      14 |       2 |  12.5
            +---------+---------+-------+---------+---------+-------
